 Dungeon Crawl Stone Soup version 0.32-a0-468-g38b2580584 (webtiles) character file.

Game seed: 2539867064103529548

28 timneilson the Changeling (level 3, -7/23 HPs)
             Began as an Octopode Shapeshifter on Feb 24, 2024.
             Killed from afar by Natasha (9 damage)
             ... with a magic dart
             ... on level 2 of the Dungeon.
             The game lasted 00:01:20 (966 turns).

timneilson the Changeling (Octopode Shapeshifter)    Turns: 966, Time: 00:01:21

Health: -7/23      AC:  1    Str: 15    XL:     3   Next: 12%
Magic:  3/3        EV: 13    Int: 12    God:
Gold:   48         SH:  0    Dex: 11    Spells: 2/2 levels left

rFire   . .          .
                       - Unarmed
rCold   . . .        (no shield)
rNeg    . . .        (helmet currently unavailable)
rPois   .            (no amulet)
rElec   .            (no ring)
rCorr   .            (no ring)
SInv    .            (no ring)
Will    .....        (no ring)
Stlth   +++          (no ring)
HPRegen 0.23/turn    (no ring)
MPRegen 0.08/turn    (no ring)
                     (no ring)

%: no passive effects
@: beast-form
A: beast (slay +1), almost no armour, amphibious, 8 rings, camouflage 1,
gelatinous body 1, (nimble swimmer 1), tentacles
a: Begin Untransformation


You were on level 2 of the Dungeon.
You were a hulking beast.
You visited 1 branch of the dungeon, and saw 2 of its levels.

You collected 48 gold pieces.

Inventory:

Missiles
 e - 3 poisoned darts (quivered)
Talismans
 b - a beast talisman (active)
 c - a flux talisman
Scrolls
 f - a scroll of revelation {unknown}
 h - a scroll of identify {unknown}
Potions
 a - a potion of lignification
 d - a potion of curing {unknown}
 g - a potion of mutation {unknown}


   Skills:
 * Level 1.5 Fighting
 * Level 2.3 Dodging
 + Level 1.2 Stealth
 * Level 3.2 Unarmed Combat
 * Level 3.2 Shapeshifting


You had 2 spell levels left.
You didn't know any spells.
Your spell library was empty.

Dungeon Overview and Level Annotations

Branches:
Dungeon (2/15)

Altars:

Annotations:
D:2 Natasha


Innate Abilities, Weirdness & Mutations

You are a hulking beast.
Your limbs bulge with bestial killing power. (Slay +1)
You cannot wear most types of armour.
You are amphibious.
You can wear up to eight rings at the same time.
Your skin changes colour to match your surroundings (Stealth+).
Your rubbery body absorbs attacks. (AC +1, EV +1)
((You are camouflaged when in or above water. (Stealth+)))
You have tentacles for arms and can constrict up to eight enemies at once.


Message History

The helpless kobold fails to defend itself.
You tentacle-slap the kobold. You grab the kobold.
The kobold is moderately wounded.
You constrict the kobold. The kobold completely misses you.
You completely miss the kobold. You squeeze the kobold.
You kill the kobold!
Things that are here:
a +0 dagger; a kobold corpse
h - a scroll labelled NOKLOFO AGEBIDDUMU Natasha, Servant of Life and Death comes into view.
Natasha hisses angrily.
Found a helmet.
Natasha mumbles some strange words.
You barely miss Natasha. Your grab misses Natasha. You squeeze Natasha.
Natasha is lightly wounded.
Natasha misses you.
You tentacle-slap Natasha. Your grab misses Natasha. You tentacle-slap Natasha.
You squeeze Natasha.
Natasha is almost dead.
Natasha closely misses you. The cerulean imp barely misses you.
You closely miss Natasha. Your grab misses Natasha.
Your tentacle-slap misses Natasha.
Natasha is almost dead.
Natasha claws you.
The cerulean imp hits you from afar with a +1 spear.
You tentacle-slap Natasha. Your grab misses Natasha.
Your squeeze misses Natasha.
Natasha is almost dead.
Natasha stares at you and mumbles some strange words.
The magic dart hits you!
* * * LOW HITPOINT WARNING * * *
The cerulean imp hits you from afar with a +1 spear.
* * * LOW HITPOINT WARNING * * *
You closely miss Natasha. Your grab misses Natasha.
Your squeeze misses Natasha.
Natasha is almost dead.
Natasha stares at you and mumbles some strange words.
The magic dart hits you!
You die...
Natasha curls up and begins to purr.

#### ..# #.# ### #
####.####.##.. ...#.
#.....hh5....# #...) . #
#.##.##.#[.... #.#.# #
#.##.##.# .# ..# #.#.# #
#.......# .# #.# #.#.# #
####.####
.####.####.#.###
##...####..............##
#.......##.#####.##.#....
##...##.##.# #.##.##.#.
##.###.##.# #....#....


You could see Natasha and a cerulean imp (summoned).

Vanquished Creatures
  An adder (D:2)
  2 endoplasms
  A goblin (D:1)
  5 hobgoblins (D:1)
  A ball python (D:1)
  A bat (D:1)
  2 frilled lizards
  A kobold (D:2)
  5 rats
19 creatures vanquished.

Notes
Turn   | Place    | Note
-------+----------+-------------------------------------------
     0 | D:1      | timneilson the Octopode Shapeshifter began the quest for
                  | the Orb.
     0 | D:1      | Reached XP level 1. HP: 13/13 MP: 1/1
   253 | D:1      | Reached XP level 2. HP: 18/18 MP: 2/2
   425 | D:1      | Reached skill level 1 in Stealth
   832 | D:2      | Reached XP level 3. HP: 17/23 MP: 3/3
   959 | D:2      | Noticed Natasha
   966 | D:2      | Killed from afar by Natasha

Illustrated notes

Levels and vault maps discovered:
D:1:      reono_arrival_mine, layout_loops_ring, grunt_decor_mini_mirrors
D:2:      layout_loops_cross, uniq_natasha

Skill      XL: |  1  2 |
---------------+-------+-----
Stealth        | 1 |  1.2
Fighting       | |  1.5
Dodging        | |  2.3
Unarmed Combat | |  3.2
Shapeshifting  | |  3.2

Action                     || total
---------------------------++-------
  Melee: Unarmed           ||    44
         Constrict         ||    11
         Tentacles         ||     9
         Punch             ||     1
   Stab: Sleeping          ||     5
 Armour: Skin              ||    13
  Dodge: Dodged            ||    22

Table legend: (Time is in decaauts)
 A = Elapsed time spent in this place.
 B = Non-inter-level travel time spent in this place.
 C = Inter-level travel time spent in this place.
 D = Time resting spent in this place.
 E = Time spent auto-exploring this place.
 F = Levels seen in this place.
 G = Mean time per level.
                   A        B        C        D        E       F      G
               +--------+--------+--------+--------+--------+-----+--------+
         Total |    963 |    931 |     32 |      0 |    733 |   2 |  481.5 |
       Dungeon |    963 |    931 |     32 |      0 |    733 |   2 |  481.5 |
               +--------+--------+--------+--------+--------+-----+--------+

Top non-repeatable levels by time:
     D:1: 672 daAuts
     D:2: 291 daAuts
